 Dungeon Crawl Stone Soup version 0.28-a0-991-g956f0ee3d5 (webtiles) character file.

Game seed: 4367630124719105058

644 Jinxx the Sneak (level 7, -1/50 HPs)
             Began as a Vampire Earth Elementalist on Dec 5, 2021.
             Blown up by Pikel (13 damage)
             ... with a mindburst bolt
             ... on level 4 of the Dungeon.
             The game lasted 00:16:35 (4219 turns).

Jinxx the Sneak (Vampire Earth Elementalist)        Turns: 4219, Time: 00:16:36

Health: -1/50      AC:  3    Str:  7    XL:     7   Next: 26%
Magic:  7/11       EV: 13    Int: 20    God:
Gold:   259        SH:  0    Dex: 14    Spells: 3/12 levels left

rFire   . . .      SeeInvis +   y - +4 quarterstaff (chaos)
rCold   . . .      Faith    .   (shield currently unavailable)
rNeg    . . .      Spirit   .   b - +0 robe
rPois   .          Reflect  .   (no helmet)
rElec   .          Harm     .   x - +0 cloak
rCorr   .          Rampage  .   (no gloves)
Will    .....                   (no boots)
Stlth   +++.......              a - amulet of regeneration
HPRegen 1.16/turn               m - ring of flight
MPRegen 0.12/turn               (no ring)

@: flying, healing quickly
A: alive, fangs 3, see invisible, vampiric 2
a: Exsanguinate


You were on level 4 of the Dungeon.
You visited 1 branch of the dungeon, and saw 4 of its levels.
You also visited: Sewer.

You collected 259 gold pieces.

Inventory:

Hand Weapons
 y - a +4 quarterstaff of chaos (weapon)
Missiles
 c - 58 stones
 r - 2 curare-tipped darts
 s - 4 large rocks
 u - 13 poisoned darts
Armour
 b - a +0 robe (worn)
 x - a +0 cloak (worn)
Jewellery
 a - an amulet of regeneration (around neck)
 m - a ring of flight (left hand)
Scrolls
 d - 3 scrolls of teleportation {unknown}
 f - a scroll of torment {unknown}
 i - 2 scrolls of fear {unknown}
 l - a scroll of vulnerability {unknown}
 o - 2 scrolls of enchant weapon {unknown}
 p - 5 scrolls of identify {unknown}
Potions
 e - 5 potions of attraction {unknown}
 g - 2 potions of brilliance {unknown}
 h - a potion of degeneration {unknown}
 j - 2 potions of curing {unknown}
 k - 2 potions of berserk rage {unknown}
 n - a potion of magic {unknown}
 q - 2 potions of cancellation {unknown}
 v - a potion of heal wounds {unknown}
 w - a potion of mutation {unknown}
 z - 2 potions of haste


   Skills:
 + Level 2.0 Fighting
 + Level 0.7 Staves
 + Level 1.8 Throwing
 + Level 3.4 Dodging
 + Level 5.1 Stealth
 + Level 3.2 Spellcasting
 + Level 1.2 Conjurations
 + Level 1.8 Necromancy
 + Level 3.0 Transmutations
 + Level 4.2 Earth Magic


You had 3 spell levels left.
You knew the following spells:

 Your Spells              Type           Power      Damage    Failure   Level
a - Sandblast             Erth           40%        2d10      2%          1
b - Passwall              Tmut/Erth      14%        N/A       4%          2
c - Stone Arrow           Conj/Erth      28%        3d8       14%         3
d - Vampiric Draining     Necr           10%        2d6       21%         3

Your spell library contained the following spells:

 Spells                   Type           Power      Damage    Failure   Level
 Beastly Appendage        Tmut           30%        N/A       4%          1
 Wereblood                Tmut           15%        N/A       6%          2
 Slow                     Hex            12%        N/A       14%         1
 Corpse Rot               Necr/Air       12%        N/A       14%         2
 Poisonous Vapours        Pois/Air       6%         N/A       22%         2
 Spider Form              Tmut/Pois      9%         N/A       22%         3
 Ignite Poison            Fire/Tmut/Pois 7%         N/A       28%         3
 Mephitic Cloud           Conj/Pois/Air  4%         N/A       34%         3
 Confusing Touch          Hex            3%         N/A       38%         3
 Petrify                  Tmut/Erth      17%        N/A       32%         4
 Animate Armour           Summ/Erth      22%        N/A       52%         4
 Blade Hands              Tmut           7%         N/A       75%         5
 Passage of Golubria      Tloc           3%         N/A       80%         4
 Freezing Cloud           Conj/Ice/Air   2%         6-21      97%         5
 Silence                  Hex/Air        1%         N/A       98%         5
 Iron Shot                Conj/Erth      7%         9d2       100%        6
 Lehudib's Crystal Spear  Conj/Erth      7%         10d3      100%        8


Dungeon Overview and Level Annotations

Branches:
Dungeon (4/15)              Sewer (visited)
 Temple: D:4-7

Altars:
Wu Jian
Zin

Annotations:
D:4 Pikel


Innate Abilities, Weirdness & Mutations

Your natural rate of healing is accelerated.
You have razor-sharp teeth.
You have supernaturally acute eyesight. (SInv)
You are afflicted with vampirism and can become a bat while bloodless.


Message History

Throw: 15 darts (poison)
Press: ? - help, Q - select action, (/) - cycle Shift-Dir - straight line, f - Pikel
Aim: Pikel, wielding a +2 whip of flaming, wearing a +0 robe and carrying a wand of mindburst (12) (poisoned, 51% to hit)
You throw a poisoned dart. The poisoned dart hits Pikel.
Pikel looks even sicker.
Throw: 14 darts (poison)
Press: ? - help, Q - select action, (/) - cycle Shift-Dir - straight line, f/p - Pikel
Aim: Pikel, wielding a +2 whip of flaming, wearing a +0 robe and carrying a wand of mindburst (12) (very poisoned, 51% to hit)
You throw a poisoned dart. The poisoned dart hits Pikel.
Pikel looks even sicker.
Pikel zaps a wand.
Your mind is blasted!
A lemure comes into view.
Aiming: Sandblast (safe; 2% risk of failure)
Press: ? - help, Q - select action, (/) - cycle Shift-Dir - straight line, f/p - Pikel
Aim: Pikel, wielding a +2 whip of flaming, wearing a +0 robe and carrying a wand of mindburst (11) (lightly wounded, very poisoned, 76% to hit)
The blast of sand hits Pikel but does no damage.
Pikel is lightly wounded.
Aiming: Sandblast (safe; 2% risk of failure)
Press: ? - help, Q - select action, (/) - cycle Shift-Dir - straight line, f/p - Pikel
Aim: Pikel, wielding a +2 whip of flaming, wearing a +0 robe and carrying a wand of mindburst (11) (lightly wounded, very poisoned, 76% to hit)
The blast of sand misses Pikel.
Pikel hits you with a +2 whip of flaming!
Pikel burns you.
Aiming: Sandblast (safe; 2% risk of failure)
Press: ? - help, Q - select action, (/) - cycle Shift-Dir - straight line, f/p - Pikel
Aim: Pikel, wielding a +2 whip of flaming, wearing a +0 robe and carrying a wand of mindburst (11) (lightly wounded, very poisoned, 76% to hit)
The blast of sand hits Pikel but does no damage.
Pikel is lightly wounded.
Pikel zaps a wand.
Your mind is blasted!
Aiming: Sandblast (safe; 2% risk of failure)
Press: ? - help, Q - select action, (/) - cycle Shift-Dir - straight line, f/p - Pikel
Aim: Pikel, wielding a +2 whip of flaming, wearing a +0 robe and carrying a wand of mindburst (10) (lightly wounded, very poisoned, 76% to hit)
The blast of sand misses Pikel.
Pikel hits you with a +2 whip of flaming!
Pikel burns you.
Pikel zaps a wand.
Your mind is blasted!
* * * LOW HITPOINT WARNING * * *
You see here 21 stones.
Pikel zaps a wand.
Your mind is blasted!
You die...

8.8 #.# #(# #.#
#(# #.# 8(8
#.###### #.#
#......# ##K##
#.##.#.# #8.8#
#.##.#.# ##(##
#.##.#.## # #@#
#.##....####
#.#####.##..).....
#.......###...##..
#######.# ##.##...
#.# #.###.. #.#
#.# ##. #.# #.# ##
#.. ..# # ### ###


You could see Pikel (very poisoned).

Vanquished Creatures
  A black bear (D:4)
  Pargi (Sewer)
  3 ogres
  A lemure (D:4)
  Crazy Yiuf (D:4)
  A hound (D:3)
  5 adders
  2 river rats (D:4)
  2 dart slugs
  2 orcs (D:4)
  8 ball pythons
  14 bats
  8 endoplasms
  4 giant cockroaches
  4 goblins
  6 hobgoblins
  4 jackals (D:2)
  4 kobolds
  5 quokkas
  5 frilled lizards
  6 rats
87 creatures vanquished.

Notes
Turn   | Place    | Note
-------+----------+-------------------------------------------
     0 | D:1      | Jinxx the Vampire Earth Elementalist began the quest for
                  | the Orb.
     0 | D:1      | Reached XP level 1. HP: 13/13 MP: 3/3
    99 | D:1      | Reached XP level 2. HP: 19/19 MP: 0/5
   466 | D:1      | Learned a level 2 spell: Passwall
   799 | D:1      | Gained mutation: You are afflicted with vampirism and can
                  | become a bat while bloodless. [Vampire growth]
   799 | D:1      | Reached XP level 3. HP: 24/24 MP: 3/6
  1011 | D:2      | Learned a level 3 spell: Stone Arrow
  1053 | D:2      | Noticed an ogre
  1092 | D:2      | Killed an ogre
  1093 | D:2      | Reached skill level 1 in Fighting
  1093 | D:2      | Reached skill level 4 in Stealth
  1093 | D:2      | Reached XP level 4. HP: 32/32 MP: 4/7
  1196 | D:2      | Reached skill level 1 in Throwing
  1755 | D:2      | Reached XP level 5. HP: 36/37 MP: 2/9
  1825 | D:2      | Learned a level 3 spell: Vampiric Draining
  2229 | D:3      | Noticed an ogre
  2250 | D:3      | Killed an ogre
  2251 | D:3      | Reached XP level 6. HP: 42/43 MP: 5/10
  2525 | D:3      | Reached skill level 1 in Necromancy
  2598 | D:3      | Found a faded altar of an unknown god.
  2747 | D:3      | Found an ornate altar of the Wu Jian Council.
  3407 | D:4      | Reached skill level 1 in Conjurations
  3466 | D:4      | Found a glowing drain.
  3472 | Sewer    | Entered a sewer
  3562 | Sewer    | Noticed Pargi
  3573 | Sewer    | Killed Pargi
  3574 | Sewer    | Reached XP level 7. HP: 46/49 MP: 5/11
  3724 | D:4      | Reached skill level 5 in Stealth
  3844 | D:4      | Found a runed translucent door.
  3845 | D:4      | Noticed Crazy Yiuf
  3954 | D:4      | Killed Crazy Yiuf
  4208 | D:4      | Noticed Pikel
  4219 | D:4      | Blown up by Pikel

Illustrated notes

Levels and vault maps discovered:
D:1:      grunt_arrival_crossed_arrows, layout_loops_ring,
          kennysheep_flooded_box
D:2:      layout_basic
D:3:      wad_river_or_something, layout_rooms,
          nicolae_wu_jian_immortal_techniques, shapermc_ecumenical_altar_gd,
          interstate_on_off
D:4:      layout_loops_ring, gup_sewer_entry_bubbles, dk_noncrumbling_2,
          uniq_crazy_yiuf_cottage, uniq_pikel

Skill      XL: |  1  2  3  4  5  6  7 |
---------------+----------------------+-----
Fighting       | 1 2 |  2.0
Stealth        | 4 5 |  5.1
Throwing       | 1 |  1.8
Transmutations | 2 3 |  3.0
Dodging        | 3 |  3.4
Necromancy     | 1 |  1.8
Spellcasting   | 3 |  3.2
Earth Magic    | 4 |  4.2
Conjurations   | 1 |  1.2
Staves         | |  0.7

Action                   |  1- 3 |  4- 6 |  7- 9 || total
-------------------------+-------+-------+-------++-------
Melee: Club              |    11 |     8 |       ||    19
       Bite              |     1 |     1 |       ||     2
       Short sword       |       |    65 |       ||    65
       Quarterstaff      |       |     4 |     2 ||     6
Throw: Dart              |       |       |     4 ||     4
 Cast: Sandblast         |    30 |    83 |    19 ||   132
 Stab: Sleeping          |       |     1 |       ||     1
Armor: Robe              |       |     6 |       ||     6
Dodge: Dodged            |    12 |    77 |     4 ||    93

Table legend: (Time is in decaauts)
 A = Elapsed time spent in this place.
 B = Non-inter-level travel time spent in this place.
 C = Inter-level travel time spent in this place.
 D = Time resting spent in this place.
 E = Time spent auto-exploring this place.
 F = Levels seen in this place.
 G = Mean time per level.
                   A        B        C        D        E       F      G
               +--------+--------+--------+--------+--------+-----+--------+
         Total |   4259 |   4259 |      0 |   1101 |   2119 |   5 |  851.8 |
       Dungeon |   4083 |   4083 |      0 |   1040 |   2089 |   4 | 1020.8 |
         Sewer |    175 |    175 |      0 |     61 |     30 |   1 |  175.0 |
               +--------+--------+--------+--------+--------+-----+--------+

Top non-repeatable levels by time:
     D:3: 1292 daAuts
     D:1: 990 daAuts
     D:4: 913 daAuts
     D:2: 887 daAuts
   Sewer: 175 daAuts
